 Dungeon Crawl Stone Soup version 0.32-a0-918-g0f22ef8d61 (webtiles) character file.

Game seed: 13400449233102501022

442 goupaloupa the Chopper (level 6, -2/56 HPs)
             Began as a Mountain Dwarf Fighter on Apr 11, 2024.
             Slain by an ice beast (12 damage)
             ... on level 4 of the Dungeon.
             The game lasted 00:05:33 (2726 turns).

goupaloupa the Chopper (Mountain Dwarf Fighter)     Turns: 2726, Time: 00:05:33

Health: -2/56      AC:  8    Str: 21    XL:     6   Next: 71%
Magic:  6/6        EV:  8    Int:  8    God:
Gold:   157        SH:  4    Dex:  9    Spells: 5/5 levels left

rFire   . . .        a - +0 war axe
rCold   . . .        c - +0 buckler
rNeg    + . .        b - +0 scale mail
rPois   .            (no helmet)
rElec   .            (no cloak)
rCorr   .            (no gloves)
SInv    .            f - +0 pair of boots
Will    .....        (no amulet) Stlth
                     l - ring of positive energy
HPRegen 0.29/turn    (no ring)
MPRegen 0.10/turn

%: no passive effects
@: no status effects
A: runic magic, artefact enchanting
a: no special abilities


You were on level 4 of the Dungeon.
You visited 1 branch of the dungeon, and saw 4 of its levels.

You collected 157 gold pieces.

Inventory:

Hand Weapons
 a - a +0 war axe (weapon)
Missiles
 d - a throwing net
 e - 11 poisoned darts (quivered)
 n - 57 stones
Armour
 b - a +0 scale mail (worn)
 c - a +0 buckler (worn)
 f - a +0 pair of boots (worn)
Jewellery
 l - a ring of positive energy (left hand)
Scrolls
 i - 2 scrolls of identify {unknown}
 j - 5 scrolls of teleportation {unknown}
 o - a scroll of immolation {unknown}
 p - a scroll of noise {unknown}
 s - a scroll of poison {unknown}
 t - a scroll of amnesia {unknown}
 v - 3 scrolls of enchant armour {unknown}
 x - a scroll of fear {unknown}
Potions
 g - a potion of resistance {unknown}
 h - 2 potions of curing {unknown}
 k - 2 potions of ambrosia {unknown}
 m - 5 potions of lignification {unknown}
 q - a potion of enlightenment {unknown}
 r - a potion of cancellation {unknown}
 u - a potion of invisibility {unknown}
 w - a potion of heal wounds {unknown}


   Skills:
 * Level 5.3 Fighting
 + Level 5.7 Axes
 + Level 0.2 Throwing
 + Level 4.5 Armour
 + Level 0.7 Dodging
 + Level 3.9 Shields


You had 5 spell levels left.
You didn't know any spells.
Your spell library was empty.

Dungeon Overview and Level Annotations

Branches:
Dungeon (4/15)             Temple (0/1) D:4

Altars:


Innate Abilities, Weirdness & Mutations

Your spellcasting is much less encumbered by armour.
You can use scrolls of enchantment on lesser artefacts.


Message History

You hit the ogre but do no damage. You block the ogre's attack.
You slash the ogre!
The ogre is moderately wounded.
The ogre barely misses you.
You slash the ogre!
The ogre is severely wounded.
You hit the ogre but do no damage.
The ogre is severely wounded.
The ogre closely misses you.
You hit the ogre.
The ogre is severely wounded.
The ogre hits you with a +0 giant club!
You barely miss the ogre.
The ogre is severely wounded.
The ogre hits you with a +0 giant club!
You barely miss the ogre.
The ogre is severely wounded.
The ogre hits you with a +0 giant club!!
* * * LOW HITPOINT WARNING * * *
You slash the ogre!
You kill the ogre!
The ice beast hits you but does no damage.
You hit the ice beast.
The ice beast is lightly wounded.
The ice beast barely misses you.
You hit the ice beast but do no damage.
The ice beast is lightly wounded.
You block the ice beast's attack.
You hit the ice beast but do no damage.
The ice beast is lightly wounded.
The ice beast hits you but does no damage. x2
You closely miss the ice beast.
The ice beast is lightly wounded.
The ice beast hits you but does no damage.
You hit the ice beast but do no damage.
The ice beast is lightly wounded.
The ice beast hits you.
* * * LOW HITPOINT WARNING * * *
The ice beast freezes you!
You die...

.## ..# # ..# #.
##.######
##.#..###...#...#
#(....Y@....#...#
(.....##....#..## ..(..
#....###..## ....
##..###....#
......#....##....### .#
............#.##...###..
. ............###..#....
......#..........#...#
............##........


You could see an ice beast.

Vanquished Creatures
  Sigmund (D:3)
  An ogre (D:4)
  An iguana (D:4)
  Natasha (D:3)
  4 gnolls (D:4)
  4 adders
  A dart slug (D:3)
  2 ribbon worms (D:3)
  5 orcs (D:4)
  9 ball pythons
  8 endoplasms
  A giant cockroach (D:1)
  7 hobgoblins
  4 quokkas
  5 bats
  5 frilled lizards
  7 goblins
  3 kobolds
  4 rats
73 creatures vanquished.

Notes
Turn   | Place    | Note
-------+----------+-------------------------------------------
     0 | D:1      | goupaloupa the Mountain Dwarf Fighter began the quest for
                  | the Orb.
     0 | D:1      | Reached XP level 1. HP: 19/19 MP: 1/1
   198 | D:1      | Reached XP level 2. HP: 26/26 MP: 2/2
  1295 | D:3      | Reached XP level 3. HP: 33/33 MP: 3/3
  1657 | D:3      | Noticed Sigmund
  1668 | D:3      | Killed Sigmund
  1669 | D:3      | Reached XP level 4. HP: 13/41 MP: 4/4
  1669 | D:3      | Reached XP level 5. HP: 15/47 MP: 5/5
  1853 | D:3      | Reached skill level 5 in Axes
  1981 | D:3      | Noticed Natasha
  1986 | D:3      | Killed Natasha
  2259 | D:4      | Reached XP level 6. HP: 6/55 MP: 6/6
  2520 | D:4      | Reached skill level 5 in Fighting
  2663 | D:4      | Found a staircase to the Ecumenical Temple.
  2709 | D:4      | Noticed an ice beast
  2726 | D:4      | Slain by an ice beast

Illustrated notes

Levels and vault maps discovered:
D:1:      lightli_arrival_statue_moat, layout_basic, st_stairs_4
D:2:      layout_loops_cross, minivault_19
D:3:      minmay_bubble_buster, layout_loops_ring,
          wander_ebering_terrifying_dragon_lair, uniq_sigmund, uniq_natasha
D:4:      layout_cave_pools, minmay_temple_entry_gardened_gates

Skill      XL: |  1  2  3  4  5  6 |
---------------+-------------------+-----
Axes           | 3 4 5 |  5.7
Fighting       | 4 5 |  5.3
Armour         | 4 |  4.5
Throwing       | |  0.2
Dodging        | |  0.7
Shields        | |  3.9

Action                     |  1- 3 |  4- 6 || total
---------------------------+-------+-------++-------
  Melee: War axe           |   133 |    74 ||   207
  Throw: Stone             |     5 |     9 ||    14
         Dart              |       |     4 ||     4
    Use: Potion            |       |     1 ||     1
 Armour: Scale mail        |    93 |    68 ||   161
  Dodge: Dodged            |    66 |    32 ||    98
  Block: Buckler           |    28 |    16 ||    44

Table legend: (Time is in decaauts)
 A = Elapsed time spent in this place.
 B = Non-inter-level travel time spent in this place.
 C = Inter-level travel time spent in this place.
 D = Time resting spent in this place.
 E = Time spent auto-exploring this place.
 F = Levels seen in this place.
 G = Mean time per level.
                   A        B        C        D        E       F      G
               +--------+--------+--------+--------+--------+-----+--------+
         Total |   2797 |   2696 |    101 |      0 |   2197 |   4 |  699.2 |
       Dungeon |   2797 |   2696 |    101 |      0 |   2197 |   4 |  699.2 |
               +--------+--------+--------+--------+--------+-----+--------+

Top non-repeatable levels by time:
     D:3: 1015 daAuts
     D:1: 726 daAuts
     D:2: 550 daAuts
     D:4: 504 daAuts
